 Dungeon Crawl Stone Soup version 0.23.2-33-g5129a83184 (webtiles) character file.

Game seed: 3328310834088930974

17 raph the Magician (level 2, -1/15 HPs)
             Began as a Deep Elf Wizard on June 29, 2019.
             Killed from afar by Sigmund (5 damage)
             ... with a magic dart
             ... on level 2 of the Dungeon.
             The game lasted 00:02:36 (1267 turns).

raph the Magician (Deep Elf Wizard)                 Turns: 1267, Time: 00:02:36

Health: -1/15      AC:  3    Str:  4    XL:     2   Next: 44%
Magic:  9/9        EV: 14    Int: 22    God:
Gold:   43         SH:  0    Dex: 13    Spells: 3/10 levels left

rFire    . . .     SeeInvis .   m - +1 dagger (venom)
rCold    . . .     Gourm    .   (no shield)
rNeg     . . .     Faith    .   a - +0 robe
rPois    .         Spirit   .   n - +0 helmet
rElec    .         Reflect  .   (no cloak)
rCorr    .         Harm     .   (no gloves)
MR       .....                  (no boots)
Stlth    ++........             (no amulet)
HPRegen  0.05/turn              e - +1 ring of evasion
MPRegen  0.11/turn              (no ring)

@: no status effects
A: no striking features
a: no special abilities


You were on level 2 of the Dungeon.
You were not hungry.

You visited 1 branch of the dungeon, and saw 2 of its levels.

You collected 43 gold pieces.

Inventory:

Hand Weapons
 m - a +1 dagger of venom (weapon)
 o - a +1 dagger of electrocution
Missiles
 h - 64 stones (quivered)
Armour
 a - a +0 robe (worn)
 b - a +0 hat
 n - a +0 helmet (worn)
Jewellery
 e - a +1 ring of evasion (left hand)
 f - a cursed amulet of inaccuracy {unknown}
Scrolls
 g - a scroll of blinking {unknown}
 k - a scroll of identify {unknown}
 l - a scroll of enchant weapon {unknown}
 p - a scroll of fog {unknown}
Potions
 c - 2 potions of haste {unknown}
 i - a potion of agility {unknown}
 j - a potion of lignification {unknown}
 q - a potion of berserk rage {unknown}
Comestibles
 d - a ration


   Skills:
 - Level 2.4 Dodging
 - Level 2.4 Stealth
 + Level 4.7 Spellcasting
 * Level 2.4 Conjurations
 - Level 1.1 Summonings
 - Level 1.1 Translocations


You had 3 spell levels left.
You knew the following spells:

 Your Spells              Type           Power        Failure   Level  Hunger
a - Magic Dart            Conj           ###.         3%          1    None
b - Blink                 Tloc           N/A          10%         2    None
c - Call Imp              Summ           ##......     10%         2    None
d - Slow                  Hex            #.......     16%         2    None

Your spell library contained the following spells:

 Spells                   Type           Power        Failure   Level  Hunger
 Conjure Flame            Conj/Fire      ##......     19%         3    ##.....
 Mephitic Cloud           Conj/Pois/Air  #.......     22%         3    ##.....


Dungeon Overview and Level Annotations

Branches:
Dungeon (2/15)

Altars:

Annotations:
D:2 Sigmund


Message History

Sigmund shouts!
Sigmund moves out of view.
Found a scroll labeled YNETRO KILA and 8 gold pieces.
Found an escape hatch in the floor.
Sigmund giggles. "Time to reap what you sow."
A quokka comes into view.
Sigmund casts a spell at you.
You are confused.
You're too confused to move!
Sigmund screams, "I am the angel of ZOT!!!"
Sigmund hits you from afar with a +0 scythe.
You feel less confused. Sigmund casts a spell at you. The magic dart hits you!
Ouch! That really hurt!
* * * LOW HITPOINT WARNING * * *
You see here a rat skeleton.
Sigmund points at you and mumbles some strange words.
The magic dart hits you.
You die...

#.# #.# #.# #.# #.#
############# #.#
#...........# #.#
##...........########.#
..............@.....>#.#
r.............÷######.#.#
......†...........# #...#
..................# #####
...........@......#
..................#
..................#
#...............#
#...............#


You could see Sigmund.

Vanquished Creatures
  A giant cockroach (D:1)
  4 goblins
  A hobgoblin (D:2)
  3 jackals (D:1)
  2 bats (D:1)
  A frilled lizard (D:1)
  A kobold (D:1)
  5 rats
18 creatures vanquished.

Notes
Turn   | Place    | Note
-------+----------+-------------------------------------------
     0 | D:1      | raph the Deep Elf Wizard began the quest for the Orb.
     0 | D:1      | Reached XP level 1. HP: 10/10 MP: 7/7
   399 | D:1      | Reached XP level 2. HP: 15/15 MP: 5/9
   665 | D:1      | Learned a level 2 spell: Blink
   668 | D:1      | Learned a level 2 spell: Call Imp
  1210 | D:2      | Learned a level 2 spell: Slow
  1251 | D:2      | Noticed Sigmund
  1267 | D:2      | Killed from afar by Sigmund

Skill      XL: |  1 |
---------------+----+-----
Conjurations   | 2 |  2.4
Dodging        | |  2.4
Stealth        | |  2.4
Spellcasting   | |  4.7
Summonings     | |  1.1
Translocations | |  1.1

Action                   || total
-------------------------++-------
Melee: Dagger            ||     7
 Cast: Magic Dart        ||    37
       Blink             ||     1
  Eat: Chunk             ||     1
Armor: Robe              ||     2
Dodge: Dodged            ||     9
